 Dungeon Crawl Stone Soup version 0.29.1-2-gbd0b4ee654 (webtiles) character file.

Game seed: 7672305774696666016

150 fireball365 the Chopper (level 5, -2/46 HPs)
             Began as a Minotaur Fighter on Oct 25, 2022.
             Slain by a gnoll
             ... wielding a +0 spear
              (4 damage)
             ... on level 3 of the Dungeon.
             The game lasted 00:08:08 (2535 turns).

fireball365 the Chopper (Minotaur Fighter)          Turns: 2535, Time: 00:08:09

Health: -2/46      AC:  9    Str: 17 (20) XL:     5   Next: 10%
Magic:  4/4        EV:  9    Int:  3 (5)  God:
Gold:   73         SH:  5    Dex: 14 (15) Spells: 4/4 levels left

rFire   . . .      SeeInvis .   a - +0 war axe
rCold   . . .      Faith    .   l - +0 buckler of the Hippo {Dex+3}
rNeg    . . .      Spirit   .   b - +0 scale mail
rPois   .          Reflect  .   (helmet restricted)
rElec   .          Harm     .   n - +1 cloak
rCorr   .          Rampage  .   (no gloves)
Will    .....                   (no boots)
Stlth   ..........              (no amulet)
HPRegen 0.15/turn               (no ring)
MPRegen 0.09/turn               (no ring)

@: no status effects
A: horns 2, retaliatory headbutt
a: no special abilities


You were on level 3 of the Dungeon.
You visited 1 branch of the dungeon, and saw 4 of its levels.

You collected 73 gold pieces.

Inventory:

Hand Weapons
 a - a +0 war axe (weapon)
Missiles
 k - 17 stones (quivered)
 p - 5 poisoned darts
Armour
 b - a +0 scale mail (worn)
 c - a +0 buckler
 l - the +0 buckler of the Hippo (worn) {Dex+3}
   (You found it on level 2 of the Dungeon)

   Dex:       It affects your dexterity (+3).
 n - a +1 cloak (worn)
 s - a +1 pair of gloves
Wands
 q - a wand of polymorph (7)
 r - a wand of flame (16)
Scrolls
 e - a scroll of blinking {unknown}
 g - a scroll of acquirement {unknown}
 h - 4 scrolls of identify {unknown}
 m - a scroll of magic mapping {unknown}
 o - a scroll of noise {unknown}
Potions
 d - a potion of might
 f - a potion of degeneration
 i - a potion of curing {unknown}
 j - 2 potions of flight {unknown}


   Skills:
 + Level 4.2 Fighting
 * Level 5.3 Axes
 + Level 3.9 Armour
 + Level 0.8 Stealth
 + Level 4.1 Shields


You had 4 spell levels left.
You didn't know any spells.
Your spell library was empty.

Dungeon Overview and Level Annotations

Branches:
Dungeon (4/15)
 Temple: D:4-7

Altars:
Okawaru

Shops:
D:1 :


Innate Abilities, Weirdness & Mutations

You have a pair of horns on your head.
You reflexively headbutt those who attack you in melee.


Message History

You headbutt the gnoll, but do no damage.
You closely miss the adder. You hit the gnoll but do no damage.
The gnoll closely misses you. The gnoll hits you but does no damage.
The gnoll hits you with a +0 halberd. The adder bites you but does no damage.
The gnoll hits you from afar with a +0 halberd.
You block the rat's attack. You block the gnoll's attack.
The gnoll closely misses you. The adder misses you. You furiously retaliate!
You headbutt the adder!
You kill the adder!
The gnoll barely misses you. You block the gnoll's attack. The rat bites you.
The gnoll completely misses you. The endoplasm barely misses you.
The gnoll hits you from afar with a +0 halberd. x2
The gnoll closely misses you. The rat barely misses you.
The gnoll hits you with a +0 halberd!
* * * LOW HITPOINT WARNING * * *
The gnoll hits you but does no damage.
The endoplasm hits you but does no damage.
You closely miss the gnoll. Your headbutt misses the gnoll.
The gnoll is moderately wounded.
You completely miss the gnoll. You slash the rat!
You kill the rat!
You hit the gnoll but do no damage. You hit the endoplasm.
You kill the endoplasm!
The gnoll barely misses you. x2; The gnoll hits you with a +0 spear.
* * * LOW HITPOINT WARNING * * *
The gnoll barely misses you. x3; You furiously retaliate!
You headbutt the gnoll!
Aiming: Throw Flame
Press: ? - help, Q - select action, (/) - cycle Shift-Dir - straight line The puff of flame hits the gnoll.
The gnoll is moderately wounded.
You block the gnoll's attack. The gnoll hits you with a +0 halberd.
* * * LOW HITPOINT WARNING * * *
The gnoll barely misses you.
It was a potion of degeneration.
There was something very wrong with that liquid.
You feel weakened.
You feel dopey.
You feel clumsy. The gnoll hits you with a +0 spear.
You die...

#......<...............).
#.......................#
#.......................#
#.......................#
#...............#########
#...............#
#........†......#
#........g......#
#.......@g......#
#......g........#
#..............)#
#..:..............
#..................
#...................
#...................
##############..


You could see 3 gnolls.

Vanquished Creatures
  An orc wizard (D:3)
  A gnoll (D:1)
  5 adders
  2 worms (D:2)
  A dart slug (D:2)
  3 orcs (D:3)
  8 ball pythons
  4 bats
  2 endoplasms
  3 giant cockroaches
  7 goblins
  4 hobgoblins
  4 jackals (D:1)
  3 kobolds
  3 quokkas
  4 frilled lizards
  4 rats
  A bush (D:1)
60 creatures vanquished.

Vanquished Creatures (others)
  3 plants (D:1)
3 creatures vanquished.

Grand Total: 63 creatures vanquished

Notes
Turn   | Place    | Note
-------+----------+-------------------------------------------
     0 | D:1      | fireball365 the Minotaur Fighter began the quest for the
                  | Orb.
     0 | D:1      | Reached XP level 1. HP: 19/19 MP: 0/0
   230 | D:1      | Reached XP level 2. HP: 10/27 MP: 1/1
   588 | D:1      | Reached skill level 3 in Axes
   599 | D:1      | Reached XP level 3. HP: 30/33 MP: 2/2
   620 | D:1      | Found Iczampiv's Vocational Training.
  1389 | D:2      | Identified the +0 buckler of the Hippo {Dex+3}
  1469 | D:2      | Reached skill level 4 in Axes
  1510 | D:2      | Reached XP level 4. HP: 31/40 MP: 3/3
  2250 | D:2      | You fall into a shaft and drop 2 floors!
  2381 | D:3      | Found an iron altar of Okawaru.
  2400 | D:3      | Reached skill level 5 in Axes
  2400 | D:3      | Reached XP level 5. HP: 35/46 MP: 4/4
  2534 | D:3      | HP: 2/46 [gnoll/+0 halberd (4)]
  2535 | D:3      | Slain by a gnoll

Illustrated notes

Levels and vault maps discovered:
D:1:      psy_arrival_conway, layout_loops_ring, nicolae_shop_vocational
D:2:      layout_loops_ring
D:3:      layout_basic, old_standard_altar, gup_sewer_entry_spiral,
          kennysheep_nondescript, chequers_garden, uniq_jessica, uniq_sigmund
D:4:      layout_gridville, grunt_temple_overflow_forces_of_nature,
          elyvilon_altar_4, minmay_misc_feat_five, uniq_grinder

Skill      XL: |  1  2  3  4 |
---------------+-------------+-----
Shields        | 4 |  4.1
Fighting       | 4 |  4.2
Axes           | 3 4 5 |  5.3
Armour         | |  3.9
Stealth        | |  0.8

Action                   |  1- 3 |  4- 6 || total
-------------------------+-------+-------++-------
Melee: War axe           |   159 |    36 ||   195
       Headbutt          |    27 |     8 ||    35
Evoke: Wand              |       |     1 ||     1
  Use: Potion            |       |     1 ||     1
Armor: Scale mail        |    32 |    34 ||    66
Dodge: Dodged            |    30 |    46 ||    76
Block: Buckler           |    14 |    21 ||    35
